SNL (28 & UNDER)
MEMPHIS BLUES @ SANTA FE DIABLOS
05/05/2025
 
TOP OF THE 1ST
Memphis Blues batting - Pitching for Santa Fe Diablos : RHP Jacob Bryant
Pitching: RHP Jacob Bryant
Batting: RHB Javier Ramírez 0-0: Ball
1-0: Called Strike
1-1: Ball
2-1: Called Strike
2-2: Foul Ball, location: 2F
2-2: Foul Ball, location: 2F
2-2: Ball
3-2: SOLO HOME RUN (Flyball, 8RXD), Distance : 414 ft
Batting: RHB Glenn Johnson 0-0: Ball
1-0: Called Strike
1-1: Swinging Strike
1-2: Foul Ball, location: 2F
1-2: Strikes out swinging
Batting: RHB Scott Merritt 0-0: Ball
1-0: Ball
2-0: Called Strike
2-1: Ball
3-1: Called Strike
3-2: Foul Ball, location: 2F
3-2: Fly out, F6 (Line Drive, 6)
Batting: RHB Cal Keys 0-0: Ball
1-0: Fly out, F9 (Flyball, 89XD)
Top of the 1st over - 1 run(s), 1 hit(s), 0 error(s), 0 left on base; Memphis 1 - Santa Fe 0
BOTTOM OF THE 1ST
Santa Fe Diablos batting - Pitching for Memphis Blues : RHP Larry West
Pitching: RHP Larry West
Batting: RHB Henning Huisman 0-0: Foul Ball, location: 2F
0-1: Ground out 5-3 (Groundball, 5L)
Batting: LHB Gary Kern 0-0: Ball
1-0: Called Strike
1-1: Ball
2-1: Fly out, F9 (Flyball, 89D)
Batting: RHB Iván Gonzáles 0-0: Ball
1-0: Swinging Strike
1-1: Called Strike
1-2: Strikes out swinging
Bottom of the 1st over - 0 run(s), 0 hit(s), 0 error(s), 0 left on base; Memphis 1 - Santa Fe 0
TOP OF THE 2ND
Memphis Blues batting - Pitching for Santa Fe Diablos : RHP Jacob Bryant
Batting: RHB Jorge Domínguez 0-0: Ground out 5-3 (Groundball, 5S)
Batting: SHB Fernando Gutiérrez 0-0: Ball
1-0: Foul Ball, location: 2F
1-1: SINGLE (Line Drive, 5L)
Batting: LHB John Foster 0-0: Ball
1-0: Ball
2-0: Ball
3-0: Called Strike
3-1: Base on Balls
Fernando Gutiérrez to second
Batting: RHB Artie Green 0-0: Called Strike
0-1: Foul Ball, location: 2F
0-2: Ball
1-2: Strikes out swinging
Batting: RHB Ángel Hernández 0-0: Fielders Choice at 2nd, 6-4 (Groundball, 6)
Top of the 2nd over - 0 run(s), 1 hit(s), 0 error(s), 1 left on base; Memphis 1 - Santa Fe 0
BOTTOM OF THE 2ND
Santa Fe Diablos batting - Pitching for Memphis Blues : RHP Larry West
Batting: RHB Júlio López 0-0: Ball
1-0: Fly out, F7 (Flyball, 7LM)
Batting: RHB Roberto Zamora 0-0: Foul Ball, location: 2F
0-1: Foul Ball, location: 2F
0-2: SOLO HOME RUN (Flyball, 7LD), Distance : 333 ft
Batting: SHB George Adams 0-0: Called Strike
0-1: Ball
1-1: Swinging Strike
1-2: Foul Ball, location: 2F
1-2: Strikes out looking
Batting: RHB Ray Davis 0-0: Ball
1-0: Ball
2-0: Ball
3-0: Base on Balls
Batting: LHB Don Soper 0-0: Ball
1-0: Ball
2-0: Called Strike
2-1: Fly out, F8 (Flyball, 8RXD)
Bottom of the 2nd over - 1 run(s), 1 hit(s), 0 error(s), 1 left on base; Memphis 1 - Santa Fe 1
TOP OF THE 3RD
Memphis Blues batting - Pitching for Santa Fe Diablos : RHP Jacob Bryant
Batting: RHB Javier Ramírez 0-0: Ball
1-0: Swinging Strike
1-1: Foul Ball, location: 2F
1-2: Ball
2-2: Ball
3-2: Base on Balls
Batting: RHB Glenn Johnson 0-0: Called Strike
0-1: Ball
1-1: Foul Ball, location: 2F
Balk!
Javier Ramírez to second
1-2: Ball
2-2: Fly out, F9 (Flyball, 9M)
Batting: RHB Scott Merritt 0-0: Called Strike
0-1: Foul Ball, location: 2F
0-2: Ball
1-2: Ball
2-2: Strikes out swinging
Batting: RHB Cal Keys 0-0: Called Strike
0-1: Ball
1-1: Foul Ball, location: 2F
1-2: Ball
2-2: Ball
3-2: Foul Ball, location: 2F
3-2: Base on Balls
Batting: RHB Jorge Domínguez 0-0: Ball
1-0: Called Strike
1-1: Ground out 6-3 (Groundball, 6)
Top of the 3rd over - 0 run(s), 0 hit(s), 0 error(s), 2 left on base; Memphis 1 - Santa Fe 1
BOTTOM OF THE 3RD
Santa Fe Diablos batting - Pitching for Memphis Blues : RHP Larry West
Batting: RHB Fernando Garza 0-0: Ball
1-0: SINGLE (Groundball, 34D)
Batting: RHB Henning Huisman 0-0: Ball
1-0: Ball
2-0: Ball
3-0: Called Strike
3-1: Foul Ball, location: 2F
3-2: Base on Balls
Fernando Garza to second
Batting: LHB Gary Kern 0-0: Called Strike
0-1: Ball
1-1: Called Strike
1-2: Fly out, F9 (Flyball, 9LM)
Batting: RHB Iván Gonzáles 0-0: Called Strike
0-1: Ball
1-1: 3-RUN HOME RUN (Flyball, 78XD), Distance : 390 ft
Batting: RHB Júlio López 0-0: Foul Ball, location: 2F
0-1: Ball
1-1: Swinging Strike
1-2: Ball
2-2: Ball
3-2: Strikes out looking
Batting: RHB Roberto Zamora 0-0: Ball
1-0: Called Strike
1-1: Foul Ball, location: 2F
1-2: Ground out 4-3 (Groundball, 4)
Bottom of the 3rd over - 3 run(s), 2 hit(s), 0 error(s), 0 left on base; Memphis 1 - Santa Fe 4
TOP OF THE 4TH
Memphis Blues batting - Pitching for Santa Fe Diablos : RHP Jacob Bryant
Batting: SHB Fernando Gutiérrez 0-0: Called Strike
0-1: Ball
1-1: Ball
2-1: Called Strike
2-2: Strikes out looking
Batting: LHB John Foster 0-0: Foul Ball, location: 2F
0-1: Reached on Error, E7 (Line Drive, 7S)
Batting: RHB Artie Green 0-0: SINGLE (Groundball, 34)
John Foster to third
Batting: RHB Ángel Hernández 0-0: SINGLE (Groundball, 6M)
John Foster scores
Artie Green to second
Batting: RHB Javier Ramírez 0-0: Ball
1-0: Called Strike
1-1: Ball
2-1: Called Strike
2-2: 3-RUN HOME RUN (Flyball, 9D), Distance : 344 ft
Batting: RHB Glenn Johnson 0-0: Ball
1-0: DOUBLE (Line Drive, 7LM)
Batting: RHB Scott Merritt 0-0: Ball
1-0: Called Strike
1-1: Ball
2-1: Ground out 6-3 (Groundball, 56)
Pitching: RHP Bill Morris
Batting: RHB Cal Keys 0-0: Ball
1-0: Ball
2-0: Ball
3-0: Called Strike
3-1: Base on Balls
Batting: RHB Jorge Domínguez 0-0: Called Strike
0-1: Called Strike
0-2: Ball
1-2: Ball
2-2: Foul Ball, location: 2F
2-2: Foul Ball, location: 2F
2-2: Strikes out looking
Top of the 4th over - 4 run(s), 4 hit(s), 1 error(s), 2 left on base; Memphis 5 - Santa Fe 4
BOTTOM OF THE 4TH
Santa Fe Diablos batting - Pitching for Memphis Blues : RHP Larry West
Batting: SHB George Adams 0-0: Ball
1-0: Ball
2-0: Called Strike
2-1: Ball
3-1: Foul Ball, location: 2F
3-2: Base on Balls
Batting: RHB Ray Davis 0-0: Called Strike
0-1: Ball
1-1: Ball
2-1: Grounds into double play, 6-4-3 (Groundball, 6M)
Batting: LHB Don Soper 0-0: Swinging Strike
0-1: Swinging Strike
0-2: Foul Ball, location: 2F
0-2: Strikes out looking
Bottom of the 4th over - 0 run(s), 0 hit(s), 0 error(s), 0 left on base; Memphis 5 - Santa Fe 4
TOP OF THE 5TH
Memphis Blues batting - Pitching for Santa Fe Diablos : RHP Bill Morris
Batting: SHB Fernando Gutiérrez 0-0: Called Strike
0-1: Called Strike
0-2: Ball
1-2: Strikes out swinging
Batting: LHB John Foster 0-0: Ball
1-0: Swinging Strike
1-1: Called Strike
1-2: Strikes out looking
Batting: RHB Artie Green 0-0: Ball
1-0: Ball
2-0: Swinging Strike
2-1: Called Strike
2-2: Foul Ball, location: 2F
2-2: Strikes out swinging
Top of the 5th over - 0 run(s), 0 hit(s), 0 error(s), 0 left on base; Memphis 5 - Santa Fe 4
BOTTOM OF THE 5TH
Santa Fe Diablos batting - Pitching for Memphis Blues : RHP Larry West
Batting: RHB Fernando Garza 0-0: Foul Ball, location: 2F
0-1: Ball
1-1: Ball
2-1: Ball
3-1: Swinging Strike
3-2: Foul Ball, location: 2F
3-2: Foul Ball, location: 2F
3-2: Base on Balls
Batting: RHB Henning Huisman 0-0: Ball
1-0: Called Strike
1-1: Ball
2-1: Ball
3-1: Base on Balls
Fernando Garza to second
Batting: LHB Gary Kern 0-0: Grounds into double play, 1-6-3 (Groundball, 13S)
Fernando Garza to third
Batting: RHB Iván Gonzáles 0-0: Ball
1-0: Swinging Strike
1-1: Ball
2-1: Foul Ball, location: 2F
2-2: Ground out 1-3 (Groundball, 15)
Bottom of the 5th over - 0 run(s), 0 hit(s), 0 error(s), 1 left on base; Memphis 5 - Santa Fe 4
TOP OF THE 6TH
Memphis Blues batting - Pitching for Santa Fe Diablos : RHP Bill Morris
Batting: RHB Ángel Hernández 0-0: Called Strike
0-1: Ball
1-1: Ball
2-1: Swinging Strike
2-2: Ball
3-2: Base on Balls
Batting: RHB Javier Ramírez 0-0: Called Strike
0-1: Ball
Wild Pitch!
Ángel Hernández to second
1-1: Foul Ball, location: 2F
1-2: Strikes out swinging
Batting: RHB Glenn Johnson 0-0: Foul Ball, location: 2F
0-1: Ball
1-1: Ball
2-1: Swinging Strike
2-2: Ball
3-2: Foul Ball, location: 2F
3-2: Strikes out swinging
Batting: RHB Scott Merritt 0-0: Ball
1-0: Called Strike
1-1: Ball
2-1: SINGLE (Flyball, 8RS)
Ángel Hernández to third
Batting: RHB Cal Keys 0-0: SINGLE (Flyball, 89S)
Ángel Hernández scores
Scott Merritt to second
Runner from 2nd tries for 3rd, SAFE, no throw or cutoff
Batting: RHB Jorge Domínguez 0-0: Ball
1-0: Foul Ball, location: 2F
1-1: Ground out 6-3 (Groundball, 6)
Top of the 6th over - 1 run(s), 2 hit(s), 0 error(s), 2 left on base; Memphis 6 - Santa Fe 4
BOTTOM OF THE 6TH
Santa Fe Diablos batting - Pitching for Memphis Blues : RHP Larry West
Pitching: RHP Mark Bidwell
Batting: RHB Júlio López 0-0: Called Strike
0-1: Ball
1-1: Ground out 4-3 (Groundball, 4)
Batting: RHB Roberto Zamora 0-0: Ball
1-0: Ball
2-0: Called Strike
2-1: Called Strike
2-2: Ball
3-2: Base on Balls
Batting: SHB George Adams 0-0: Ball
1-0: Ball
2-0: Ground out 4-3 (Groundball, 4M)
Roberto Zamora to second
Batting: RHB Ray Davis 0-0: Ball
1-0: Called Strike
1-1: Ball
2-1: Called Strike
2-2: Foul Ball, location: 2F
2-2: Strikes out swinging
Bottom of the 6th over - 0 run(s), 0 hit(s), 0 error(s), 1 left on base; Memphis 6 - Santa Fe 4
TOP OF THE 7TH
Memphis Blues batting - Pitching for Santa Fe Diablos : RHP Bill Morris
Pitching: RHP Tex Perkins
Batting: SHB Fernando Gutiérrez 0-0: Swinging Strike
0-1: Ball
1-1: Ball
2-1: Swinging Strike
2-2: Strikes out looking
Batting: LHB John Foster 0-0: Called Strike
0-1: Ball
1-1: Ball
2-1: Foul Ball, location: 2F
2-2: Ball
3-2: Ground out 1-3 (Groundball, 23)
Batting: RHB Artie Green 0-0: Swinging Strike
0-1: Called Strike
0-2: Ball
1-2: Strikes out looking
Top of the 7th over - 0 run(s), 0 hit(s), 0 error(s), 0 left on base; Memphis 6 - Santa Fe 4
BOTTOM OF THE 7TH
Santa Fe Diablos batting - Pitching for Memphis Blues : RHP Mark Bidwell
Batting: LHB Don Soper 0-0: Called Strike
0-1: Ball
1-1: Foul Ball, location: 2F
1-2: Ground out 1-3 (Groundball, 13)
Batting: RHB Fernando Garza 0-0: Foul Ball, location: 2F
0-1: SINGLE (Groundball, 34D)
Batting: RHB Henning Huisman 0-0: Fly out, F3 (Popup, 3SF)
Batting: LHB Gary Kern 0-0: Called Strike
0-1: Ball
1-1: Ball
2-1: Foul Ball, location: 2F
2-2: Strikes out swinging
Bottom of the 7th over - 0 run(s), 1 hit(s), 0 error(s), 1 left on base; Memphis 6 - Santa Fe 4
TOP OF THE 8TH
Memphis Blues batting - Pitching for Santa Fe Diablos : RHP Tex Perkins
Batting: RHB Ángel Hernández 0-0: Ball
1-0: Called Strike
1-1: Swinging Strike
1-2: SINGLE (Groundball, 15) (infield hit)
Batting: RHB Javier Ramírez 0-0: Bunted foul
0-1: Sac Bunt - play at first, batter OUT! 1-4
Ángel Hernández to second
Batting: RHB Glenn Johnson 0-0: Called Strike
0-1: Ground out 4-3 (Groundball, 13)
Ángel Hernández to third
Batting: RHB Scott Merritt 0-0: Called Strike
0-1: Ball
1-1: Foul Ball, location: 2F
1-2: Fly out, F7 (Flyball, 7S)
Top of the 8th over - 0 run(s), 1 hit(s), 0 error(s), 1 left on base; Memphis 6 - Santa Fe 4
BOTTOM OF THE 8TH
Santa Fe Diablos batting - Pitching for Memphis Blues : RHP Mark Bidwell
Pitching: RHP David Bates
Batting: RHB Iván Gonzáles Reached via error on a dropped throw, E3
Pinch Runner at 1st Gerardo Álvarez:
Batting: RHB Júlio López 0-0: Called Strike
0-1: Ball
1-1: Foul Ball, location: 2F
1-2: Ball
2-2: Strikes out swinging
Batting: RHB Roberto Zamora 0-0: Ball
1-0: Ball
2-0: Ball
3-0: Called Strike
3-1: Grounds into double play, 6-4-3 (Groundball, 56)
Bottom of the 8th over - 0 run(s), 0 hit(s), 1 error(s), 0 left on base; Memphis 6 - Santa Fe 4
TOP OF THE 9TH
Memphis Blues batting - Pitching for Santa Fe Diablos : RHP Tex Perkins
Now at 3B: Bill Finley
Batting: RHB Cal Keys 0-0: Ball
1-0: Foul Ball, location: 2F
1-1: Swinging Strike
1-2: Foul Ball, location: 2F
1-2: Ball
2-2: Strikes out swinging
Batting: RHB Jorge Domínguez 0-0: Called Strike
0-1: Fly out, F6 (Popup, 6MD)
Batting: SHB Fernando Gutiérrez 0-0: Called Strike
0-1: Swinging Strike
0-2: Ball
1-2: Strikes out looking
Top of the 9th over - 0 run(s), 0 hit(s), 0 error(s), 0 left on base; Memphis 6 - Santa Fe 4
BOTTOM OF THE 9TH
Santa Fe Diablos batting - Pitching for Memphis Blues : RHP David Bates
Pitching: LHP Ramón Vázquez
Batting: SHB George Adams 0-0: Ball
1-0: Ball
2-0: Called Strike
2-1: Foul Ball, location: 2F
2-2: Foul Ball, location: 2F
2-2: Fly out, F9 (Flyball, 9LM)
Batting: RHB Ray Davis 0-0: Foul Ball, location: 2F
0-1: Fly out, F2 (Popup, 23F)
Batting: LHB Don Soper 0-0: Foul Ball, location: 2F
0-1: Swinging Strike
0-2: Ball
1-2: Strikes out swinging
Bottom of the 9th over - 0 run(s), 0 hit(s), 0 error(s), 0 left on base; Memphis 6 - Santa Fe 4
This league is powered by Out of the Park Baseball, the baseball management simulation game for PC, Mac and Linux
Tuesday, August 2nd, 2016 - OOTP Baseball 16.8 Build 38